 Dungeon Crawl Stone Soup version 0.24-a0-504-gcfb02b9d07 (webtiles) character file.

Game seed: 10748879173910560721

90 mopl the Chopper (level 4, 3/35 HPs)
             Began as a Demonspawn Fighter on July 18, 2019.
             Quit the game on level 4 of the Dungeon.
             The game lasted 00:03:14 (1593 turns).

mopl the Chopper (Demonspawn Fighter)               Turns: 1593, Time: 00:03:14

Health: 3/35       AC:  7    Str: 17    XL:     4   Next: 32%
Magic:  4/4        EV:  6    Int:  9    God:
Gold:   159        SH: 11    Dex: 13    Spells: 3/3 levels left

rFire    . . .     SeeInvis .   a - +0 war axe
rCold    . . .     Gourm    .   c - +0 shield
rNeg     . . .     Faith    .   b - +0 scale mail
rPois    .         Spirit   .   (no helmet)
rElec    .         Reflect  +   m - scarf {repulsion}
rCorr    .         Harm     .   (no gloves)
MR       .....                  (no boots)
Stlth    ..........             e - +3 amulet of reflection
HPRegen  0.11/turn              k - +1 ring of protection
MPRegen  0.09/turn              o - ring of flight

@: lethally poisoned (3 -> -4), repel missiles
A: claws 1
a: Evoke Flight


You were on level 4 of the Dungeon.
You were very hungry.

You visited 1 branch of the dungeon, and saw 5 of its levels.

You collected 159 gold pieces.

Inventory:

Hand Weapons
 a - a +0 war axe (weapon)
Armour
 b - a +0 scale mail (worn)
 c - a +0 shield (worn)
 m - a scarf of repulsion (worn)
Jewellery
 e - a +3 amulet of reflection (around neck)
 k - a +1 ring of protection (left claw)
 n - an uncursed amulet of magic regeneration
 o - a ring of flight (right claw)
Wands
 t - a wand of iceblast (9)
Scrolls
 g - 2 scrolls of immolation {unknown}
 i - a scroll of identify
 j - a scroll of amnesia {unknown}
 l - a scroll of blinking {unknown}
 p - a scroll of teleportation {unknown}
 s - a scroll of noise {unknown}
Potions
 h - a potion of agility
Comestibles
 f - 7 rations


   Skills:
 - Level 3.0 Fighting
 + Level 4.2 Axes
 - Level 2.6 Armour
 - Level 2.6 Shields


You had 3 spell levels left.
You didn't know any spells.
Your spell library was empty.

Dungeon Overview and Level Annotations

Branches:
Dungeon (5/15)
 Temple: D:4-7

Altars:
Gozag
Okawaru

Annotations:
D:4 dig, Menkaure
D:5 Grinder


Innate Abilities, Weirdness & Mutations

You have sharp fingernails.


Message History

You feel sick. You block the scorpion's attack.
You slash the scorpion!
You kill the scorpion!
Your Axes skill increases to level 4!
You have reached level 4!
You feel agile.
* * * LOW HITPOINT WARNING * * *
You feel sick.
A worker ant comes into view.
* * * LOW HITPOINT WARNING * * *
You feel sick.
Your magical effects are unravelling.
You feel magically purged.
You feel a little less mighty now.
* * * LOW HITPOINT WARNING * * *
You feel sick.
* * * LOW HITPOINT WARNING * * *
You feel sick.
There is a stone staircase leading up, spattered with blood here.
Are you sure you want to abandon this character and quit the game? (Confirm with "yes".)

..####)##...###..##..#.##..##
# ##..##.### #..#.....##....
..........###....##...#....
#..###.##..##..#. ##..#....
..# ####..##. # ##.#....
.###.#....# #.......
..........## ##......
.#........∩##.## #.......
#..?...@......# ##...###
#.............. .....#
##.##....###......#..# ##
#......###.####.. ..........
## ##..###.a.. ##.# .... ##.
.... . ..


You could see a worker ant.

Vanquished Creatures
  A scorpion (D:4)
  2 oozes
  A worm (D:2)
  An orc (D:4)
  A giant cockroach (D:1)
  4 goblins
  A hobgoblin (D:1)
  4 kobolds (D:1)
  7 bats
  2 frilled lizards (D:1)
  A quokka skeleton (D:4)
  7 rats
32 creatures vanquished.

Notes
Turn   | Place    | Note
-------+----------+-------------------------------------------
     0 | D:1      | mopl the Demonspawn Fighter began the quest for the Orb.
     0 | D:1      | Reached XP level 1. HP: 18/18 MP: 1/1
    63 | D:1      | Reached skill level 2 in Axes
    89 | D:1      | Gained mutation: You have sharp fingernails. [demonic
                  | ancestry]
    89 | D:1      | Reached XP level 2. HP: 24/24 MP: 2/2
   423 | D:1      | Reached skill level 3 in Axes
   942 | D:2      | Reached XP level 3. HP: 24/29 MP: 3/3
   984 | D:2      | Found an opulent altar of Gozag.
  1266 | D:3      | Found an iron altar of Okawaru.
  1551 | D:4      | Noticed a scorpion
  1551 | D:4      | Noticed Menkaure
  1562 | D:5      | Entered Level 5 of the Dungeon
  1562 | D:5      | Noticed Grinder
  1562 | D:5      | Noticed a phantom
  1562 | D:5      | Noticed a scorpion
  1589 | D:4      | Killed a scorpion
  1589 | D:4      | Reached skill level 4 in Axes
  1589 | D:4      | Reached XP level 4. HP: 7/35 MP: 4/4
  1593 | D:4      | Quit the game

Levels and vault maps discovered:
D:1:      dpeg_arrival_rooms_with_view, layout_basic, hangedman_decor_riveting,
          hangedman_decor_clover_reticule, hangedman_decor_points
D:2:      layout_basic, bloody_trog, grunt_gozag_statues
D:3:      layout_basic, nicolae_overflow_crystal_walls
D:4:      layout_cave_pools, abandoned_shop, grunt_ministairs_9,
          item_on_display_a, uniq_menkaure
D:5:      layout_rooms, grunt_temple_overflow_magic_moments, minitemple,
          serial_glass, glass_columns_b, glass_columns_a, gammafunk_ghost_hive,
          first_ration, uniq_edmund, uniq_grinder

Skill      XL: |  1  2  3 |
---------------+----------+-----
Axes           | 2 3 4 |  4.2
Fighting       | |  3.0
Armour         | |  2.6
Shields        | |  2.6

Action                   |  1- 3 |  4- 6 || total
-------------------------+-------+-------++-------
Melee: War axe           |    89 |       ||    89
  Use: Scroll            |     4 |       ||     4
       Potion            |     2 |     1 ||     3
  Eat: Chunk             |     1 |       ||     1
Armor: Scale mail        |    52 |       ||    52
Dodge: Dodged            |    33 |       ||    33
Block: Shield            |    67 |       ||    67
       Reflection        |     2 |       ||     2

Table legend:
 A = Non-vault XP
 B = Vault XP
 C = Vault XP percentage of total XP
 D = Non-vault monster count
 E = Vault monster count
 F = Vault count percentage of total count
                 A         B        C        D         E       F
            +---------+---------+-------+---------+---------+-------
      Total |      54 |      75 |  58.1 |      28 |       4 |  12.5
            +---------+---------+-------+---------+---------+-------
        D:1 |      31 |       4 |  11.4 |      19 |       2 |   9.5
        D:2 |      19 |       0 |   0.0 |       7 |       0 |   0.0
        D:3 |       1 |       0 |   0.0 |       1 |       0 |   0.0
        D:4 |       3 |      71 |  95.9 |       1 |       2 |  66.7
            +---------+---------+-------+---------+---------+-------
